 Dungeon Crawl Stone Soup version 0.32-a0-675-gdc239d62e1 (webtiles) character file.

Game seed: 13534953181758503715

81 Descartes the Trooper (level 4, 0/36 HPs)
             Began as a Coglin Chaos Knight on Mar 11, 2024.
             Was a Plaything of Xom.
             Slain by Grinder (6 damage)
             ... on level 3 of the Dungeon.
             The game lasted 00:03:21 (1561 turns).

Descartes the Trooper (Coglin Chaos Knight)         Turns: 1561, Time: 00:03:22

Health: 0/36       AC:  7    Str: 14    XL:     4   Next: 42%
Magic:  4/4        EV: 12    Int: 11    God:    Xom [......]
Gold:   103        SH:  0    Dex: 14    Spells: 3/3 levels left

rFire   . . .        a - +0 hand axe (chaos) {Beli-Ashared}
rCold   . . .        j - +0 mace {Cuetlachtli}
rNeg    . . .        b - +2 leather armour
rPois   .            (no helmet)
rElec   .            l - +0 cloak
rCorr   .            h - +0 pair of gloves
SInv    .            (no boots)
Will    .....        (amulet unavailable)
Stlth   +            (ring unavailable)
HPRegen 0.26/turn    (ring unavailable)
MPRegen 0.09/turn    (no gizmo)

%: no passive effects
@: revved
A: off-hand wielding, slow wielding, warmup strikes, no jewellery
a: Invent Gizmo, Renounce Religion


You were on level 3 of the Dungeon.
You worshipped Xom.
You were a very special plaything of Xom.
You visited 1 branch of the dungeon, and saw 3 of its levels.

You collected 103 gold pieces.

Inventory:

Hand Weapons
 a - a +0 hand axe of chaos (weapon) {Beli-Ashared}
 j - a +0 mace (offhand) {Cuetlachtli}
Armour
 b - a +2 leather armour (worn)
 h - a +0 pair of gloves (worn)
 l - a +0 cloak (worn)
Scrolls
 c - a scroll of butterflies
 d - a scroll of blinking {unknown}
 e - 3 scrolls of identify {unknown}
 f - 3 scrolls of teleportation {unknown}
 g - a scroll of immolation {unknown}
 k - a scroll of vulnerability {unknown}
 p - a scroll of fear {unknown}
Potions
 i - a potion of curing {unknown}
 m - a potion of haste {unknown}
 n - 2 potions of mutation {unknown}
 o - 2 potions of invisibility {unknown}


   Skills:
 + Level 3.6 Fighting
 + Level 3.6 Axes
 + Level 2.4 Armour
 + Level 2.0 Dodging


You had 3 spell levels left.
You didn't know any spells.
Your spell library contained the following spells:

 Spells                   Type           Power      Damage    Failure   Level
 Passage of Golubria      Tloc           0%         N/A       99%         4
 Silence                  Hex/Air        0%         N/A       100%        5
 Lehudib's Crystal Spear  Conj/Erth      0%         10d2      100%        8


Dungeon Overview and Level Annotations

Branches:
Dungeon (3/15)

Altars:

Annotations:
D:3 Grinder


Innate Abilities, Weirdness & Mutations

You can wield a second weapon in your off-hand.
It takes a long time for you to wield or remove held weapons.
Your first few attacks do less damage.
You cannot equip rings or amulets.


Message History

You are too injured to fight recklessly!
You are too injured to fight recklessly!
You are too injured to fight recklessly!
You are too injured to fight recklessly!
You are too injured to fight recklessly!
You are too injured to fight recklessly!
You are too injured to fight recklessly!
You are too injured to fight recklessly!
You are too injured to fight recklessly!
You are too injured to fight recklessly!
You are too injured to fight recklessly!
You are too injured to fight recklessly!
You are too injured to fight recklessly!
You are too injured to fight recklessly!
You hit Grinder with your +0 mace.
Grinder is moderately wounded.
You hit Grinder with your +0 hand axe of chaos.
Grinder convulses.
Grinder closely misses you.
You hit Grinder but do no damage.
Grinder is heavily wounded.
You hit Grinder with your +0 mace. Grinder barely misses you.
You hit Grinder with your +0 mace.
Grinder is almost dead.
You barely miss Grinder with your +0 hand axe of chaos.
Grinder hits you.
You writhe in agony.
You barely miss Grinder with your +0 hand axe of chaos.
Grinder is almost dead.
You hit Grinder with your +0 mace. Grinder hits you but does no damage.
Grinder blinks!
There is a stone staircase leading up here.
Grinder gestures at you. Pain shoots through your body!
You hit Grinder but do no damage.
Grinder is almost dead.
You completely miss Grinder with your +0 hand axe of chaos.
Grinder hits you.
* * * LOW HITPOINT WARNING * * *
You writhe in agony.
You die...
Grinder says, "Now the real fun starts!"

#.##..# #.##..#
#.##..# #.##..#
#.##..# #.##..#
#######.##..##.#
......5@.<.....#
#######.##..##.#
.......#
.........#
#####.###.# #.#
.# #.. .. ### .#


You could see Grinder.

Vanquished Creatures
  4 adders (D:2)
  2 ribbon worms (D:2)
  4 bats
  4 endoplasms
  3 giant cockroaches
  4 goblins
  5 hobgoblins
  6 kobolds
  A quokka (D:2)
  4 ball pythons
  A frilled lizard (D:2)
  4 rats
42 creatures vanquished.

Notes
Turn   | Place    | Note
-------+----------+-------------------------------------------
     0 | D:1      | Descartes the Coglin Chaos Knight began the quest for the
                  | Orb.
     0 | D:1      | Reached XP level 1. HP: 18/18 MP: 1/1
    32 | D:1      | Reached skill level 1 in Dodging
    63 | D:1      | XOM: silly message
   114 | D:1      | Reached XP level 2. HP: 24/24 MP: 2/2
   126 | D:1      | XOM: silly message
   524 | D:1      | You fall into a shaft and drop 1 floor!
   667 | D:2      | XOM: potion effect (haste)
   673 | D:2      | Reached XP level 3. HP: 19/29 MP: 3/3
  1201 | D:2      | Reached XP level 4. HP: 35/35 MP: 4/4
  1477 | D:3      | Noticed Grinder
  1477 | D:3      | XOM: summons 3 hostile demons
  1561 | D:3      | Slain by Grinder

Illustrated notes

Levels and vault maps discovered:
D:1:      amcnicky_arrival_gap_in_the_tavern_cellar, layout_basic
D:2:      layout_basic, dreamdust_princess_corridor
D:3:      layout_basic, lightli_temple_of_fire, okawaru_trees_2,
          chequers_ecumenical_altar_simple_redux, uniq_grinder

Skill      XL: |  1  2  3  4 |
---------------+-------------+-----
Dodging        | 1 2 |  2.0
Armour         | 2 |  2.4
Fighting       | |  3.6
Axes           | |  3.6

Action                     |  1- 3 |  4- 6 || total
---------------------------+-------+-------++-------
  Melee: Hand axe          |    72 |    29 ||   101
         Dagger            |    47 |       ||    47
         Mace              |    27 |    28 ||    55
   Stab: Sleeping          |     1 |       ||     1
 Armour: Leather armour    |    41 |    17 ||    58
  Dodge: Dodged            |    36 |    22 ||    58

Table legend: (Time is in decaauts)
 A = Elapsed time spent in this place.
 B = Non-inter-level travel time spent in this place.
 C = Inter-level travel time spent in this place.
 D = Time resting spent in this place.
 E = Time spent auto-exploring this place.
 F = Levels seen in this place.
 G = Mean time per level.
                   A        B        C        D        E       F      G
               +--------+--------+--------+--------+--------+-----+--------+
         Total |   1559 |   1501 |     58 |      0 |   1160 |   3 |  519.7 |
       Dungeon |   1559 |   1501 |     58 |      0 |   1160 |   3 |  519.7 |
               +--------+--------+--------+--------+--------+-----+--------+

Top non-repeatable levels by time:
     D:2: 913 daAuts
     D:1: 613 daAuts
     D:3: 31 daAuts
